 Dungeon Crawl Stone Soup version 0.19-a0-1704-gbd66c22 (webtiles) character file.

360 Alarkh the Grave Robber (level 6, -2/41 HPs)
             Began as a Mummy Necromancer on Sept 27, 2016.
             Slain by Pikel
             ... wielding a +1 whip of electrocution
              (19 damage)
             ... on level 3 of the Dungeon.
             The game lasted 00:05:48 (3322 turns).

Alarkh the Grave Robber (Mummy Necromancer)         Turns: 3322, Time: 00:05:49

Health: -2/41      AC:  4    Str: 20    XL:     6   Next: 38%
Magic:  0/13       EV: 11    Int: 13    God:
Gold:   174        SH:  0    Dex: 12    Spells: 2 memorised, 10 levels left

rFire  x . .     SeeInvis +     r - +9 dagger "Hath" {pierce, -Tele +Inv Str+8 Int-3}
rCold  + . .     Gourm    .     i - +0 robe
rNeg   + + +     Faith    .     (no shield)
rPois  ∞         Spirit   .     (no helmet)
rElec  .         Dismiss  .     (no cloak)
rCorr  +         Reflect  .     g - +0 pair of gloves
MR     .....     Harm     .     (no boots)
Stlth  +......... NoTele   +    (no amulet)
                                m - ring of see invisible
                                p - ring of resist corrosion

@: heavily drained
A: no food or potions, fire vulnerability, cold resistance 1, negative energy
resistance 3, torment resistance, unbreathing
a: Evoke Invisibility


You were on level 3 of the Dungeon.
You were not hungry.

You visited 1 branch of the dungeon, and saw 4 of its levels.

You collected 174 gold pieces.

Inventory:

Hand Weapons
 a - a +0 flail
 f - a +0 whip
 h - a +0 mace
 o - a cursed -1 falchion
 r - the +9 dagger "Hath" (weapon) {pierce, -Tele +Inv Str+8 Int-3}
   (You found it on level 4 of the Dungeon)

   It inflicts extra damage upon your enemies.
   It affects your strength (+8).
   It affects your intelligence (-3).
   It lets you turn invisible.
   It prevents most forms of teleportation.
Armour
 g - a +0 pair of gloves (worn)
 i - a +0 robe (worn)
Jewellery
 m - a ring of see invisible (right hand)
 n - an uncursed amulet of harm
 p - a ring of resist corrosion (left hand)
Wands
 q - a wand of flame (26/48)
Scrolls
 c - a scroll of noise {unknown}
 d - a scroll of magic mapping
 e - a scroll of identify
 j - a scroll of fear {unknown}
 k - a scroll of amnesia
 l - a scroll of teleportation
Books
 b - a book of Necromancy

   Spells                             Type                      Level
   a - Pain                           Necromancy                   1
   b - Animate Skeleton               Necromancy                   1
   c - Vampiric Draining              Necromancy                   3
   d - Regeneration                   Charms/Necromancy            3
   e - Animate Dead                   Necromancy                   4
   f - Control Undead                 Necromancy                   4
 s - a book of Death

   Spells                             Type                      Level
   a - Corpse Rot                     Necromancy                   2
   b - Sublimation of Blood           Necromancy                   2
   c - Agony                          Necromancy                   5
   d - Dispel Undead                  Necromancy                   5
   e - Excruciating Wounds            Charms/Necromancy            5
   f - Bolt of Draining               Conjuration/Necromancy       5


   Skills:
 - Level 1.5(0.4) Dodging
 - Level 1.5(0.4) Stealth
 + Level 4.6(3.4) Spellcasting
 + Level 6.1(4.8) Necromancy


You had 10 spell levels left.
You knew the following spells:

 Your Spells              Type           Power        Failure   Level  Hunger
a - Pain                  Necr           ##..         3%          1    N/A
b - Vampiric Draining     Necr           ##........   12%         3    N/A

Dungeon Overview and Level Annotations

Branches:
Dungeon (4/15)
 Temple: D:4-7

Altars:
Kikubaaqudgha
Sif Muna

Annotations:
D:3 Pikel


Innate Abilities, Weirdness & Mutations

You do not eat or drink.
Your flesh is vulnerable to fire.
You are immune to poison.
Your flesh is cold resistant. (rC+)
You are immune to negative energy. (rN+++)
You are immune to unholy pain and torment.
You can survive without breathing.


Message History

Press: ? - help, Shift-Dir - straight line, f/p - Pikel
Aim: Pikel, wielding a whip of electrocution and wearing a robe (moderately wounded) Pikel is heavily wounded.
You feel life coursing into your body. Pikel barely misses you.
Casting: Vampiric Draining
Confirm with . or Enter, or press ? or * to list all spells.
Aiming: Vampiric Draining
Press: ? - help, Shift-Dir - straight line, f/p - Pikel
Aim: Pikel, wielding a whip of electrocution and wearing a robe (moderately wounded) Pikel is severely wounded.
You feel life coursing into your body. Pikel hits you but does no damage.
Casting: Vampiric Draining
Confirm with . or Enter, or press ? or * to list all spells.
Aiming: Pain
Press: ? - help, Shift-Dir - straight line, f/p - Pikel
Aim: Pikel, wielding a whip of electrocution and wearing a robe (severely wounded, chance to defeat MR: 72%) Pikel writhes in agony!
Pikel hits you with a whip of electrocution!
You are electrocuted!
You die...

....#..#.#.##.##...........#
#####..#.#..#.##...........#
#..#.##.#.##...........#
#..#.##...##...........######
#..#.###.............[.'.....
#####†.#.#
#.........<.....######
.))[...#.#
#.............).......
####...#.#
#.....##+#'####....... #...#.#
##..#@##.............. #...#.#
##.#K####.#######.### #...#.#
#..l# #.# #.....# #...#.# ##..#
#.###.###.# ####...#.######..#
#.......#.# ................>#
#####.#.#.# ####.#......######
#.#.#.# .......<..#.# #...#.#
.###.#..#.#)#################.##


You could see Pikel and a frilled lizard.

Vanquished Creatures
  A slave (D:4)
  The ghost of nublet the Vexing, a weakling FeEn (D:4)
  An orc priest (D:4)
  An orc wizard (D:3)
  A worker ant (D:4)
  Terence (D:2)
  Natasha (thrice) (D:4)
  3 gnolls
  4 adders
  An ooze (D:2)
  An adder skeleton (D:4)
  A dart slug (D:3)
  A worm (D:3)
  2 leopard geckos
  9 orcs
  2 ball pythons (D:1)
  4 goblins
  9 hobgoblins
  A quokka (D:3)
  8 bats
  7 frilled lizards
  9 kobolds
  7 rats
78 creatures vanquished.

Notes
Turn   | Place    | Note
-------+----------+-------------------------------------------
     0 | D:1      | Alarkh the Mummy Necromancer began the quest for the Orb.
     0 | D:1      | Reached XP level 1. HP: 13/13 MP: 3/3
   244 | D:1      | Reached XP level 2. HP: 17/19 MP: 3/5
  1067 | D:2      | Noticed Terence
  1080 | D:2      | Killed Terence
  1080 | D:2      | Reached XP level 3. HP: 18/24 MP: 0/7
  1085 | D:2      | Learned a level 3 spell: Vampiric Draining
  1129 | D:2      | Found an ancient bone altar of Kikubaaqudgha.
  1130 | D:2      | Found a deep blue altar of Sif Muna.
  1485 | D:2      | Reached XP level 4. HP: 27/30 MP: 0/8
  1645 | D:2      | Reached skill level 5 in Necromancy
  1923 | D:3      | Reached XP level 5. HP: 35/35 MP: 0/10
  2904 | D:4      | Noticed Natasha
  2916 | D:4      | Killed Natasha
  3014 | D:4      | Noticed Natasha
  3035 | D:4      | Killed Natasha
  3035 | D:4      | Reached XP level 6. HP: 37/41 MP: 7/12
  3045 | D:4      | Noticed Natasha
  3052 | D:4      | Killed Natasha
  3132 | D:4      | Noticed nublet's ghost (weakling FeEn)
  3138 | D:4      | Got a steaming dagger
  3139 | D:4      | Identified the +9 dagger "Hath" {pierce, -Tele +Inv Str+8 Int-3} (You found it on level 4 of the Dungeon)
  3156 | D:4      | Killed nublet's ghost
  3156 | D:4      | Reached skill level 6 in Necromancy
  3171 | D:4      | Noticed a slave
  3172 | D:4      | Noticed a slave
  3197 | D:4      | Killed a slave
  3225 | D:4      | Noticed Pikel
  3322 | D:3      | Slain by Pikel

Vault maps used:
D:1:      elethiomel_arrival_fortress_basement, serial_bayou_lagoon_a
D:2:      grunt_temple_overflow_open, minmay_pentomino_u4, uniq_terence
D:4:      serial_shops, shop_statue, uniq_duvessa, uniq_pikel, uniq_natasha

Skill      XL: |  1  2  3  4  5  6 |
---------------+-------------------+-----
Spellcasting   | 3 4 |  4.6
Necromancy     | 5 6 |  6.1
Dodging        | |  1.5
Stealth        | |  1.5

Action                   |  1- 3 |  4- 6 || total
-------------------------+-------+-------++-------
Melee: Whip              |    13 |       ||    13
       Mace              |     2 |       ||     2
       Flail             |     5 |    21 ||    26
       Dagger            |       |    16 ||    16
 Cast: Pain              |    59 |   102 ||   161
       Vampiric Draining |       |     8 ||     8
  Use: Scroll            |     4 |     1 ||     5
Armor: Robe              |    15 |    16 ||    31
Dodge: Dodged            |    34 |    45 ||    79
